 Dungeon Crawl Stone Soup version 0.27-a0-1101-ge311f74bc8 (webtiles) character file.

Game seed: 12584063718781570805

273472 vurker the Severer (level 20, -8/122 HPs)
             Began as a Tengu Fighter on Apr 28, 2021.
             Was the Champion of Hepliaklqana.
             Mangled by Cigotuvi's Monster (19 damage)
             ... in a wizard's laboratory.
             The game lasted 01:10:29 (38697 turns).

vurker the Severer (Tengu Fighter)                 Turns: 38697, Time: 01:10:30

Health: -8/122     AC: 28    Str: 33    XL:     20   Next: 29%
Magic:  0/27       EV: 15    Int: 15    God:    Hepliaklqana [******]
Gold:   2571       SH: 17    Dex: 14    Spells: 19/19 levels left

rFire    + + +     SeeInvis .   a - +6 broad axe (elec)
rCold    + + +     Faith    .   w - +2 shield of Resistance {rF++ rC++ Will++}
rNeg     + . .     Spirit   +   q - +4 plate armour {rF+}
rPois    +         Reflect  .   J - +1 hat {Will+}
rElec    .         Harm     .   r - +2 cloak
rCorr    .         Rampage  .   m - +2 pair of gloves of Lugonu's Hatred {Str+8}
Will     ++++.                  (boots unavailable)
Stlth    ..........             s - amulet of guardian spirit
HPRegen  0.30/turn              j - ring "Luteagam" {rN+ AC+4 Str+2 Int+4}
MPRegen  0.20/turn              H - ring "Ixexuurr" {rPois rC++ Stlth-}

@: flying quickly and evasively, constricted, quick
A: reduced essence, beak, talons 3, nimble flight, deformed body, shaggy fur 1,
no potion heal 1
}: 2/15 runes: decaying, gossamer
a: Renounce Religion, Recall Ancestor, Ancestor Identity, Transference, Idealise


You were in a wizard's laboratory.
You worshipped Hepliaklqana.
Hepliaklqana was exalted by your worship.
You visited 8 branches of the dungeon, and saw 34 of its levels.
You also visited: Gauntlet, Volcano and Wizlab.

You collected 3555 gold pieces.
You spent 984 gold pieces at shops.

Inventory:

Hand Weapons
 a - a +6 broad axe of electrocution (weapon)
   (You found it on level 12 of the Dungeon)
Missiles
 E - 3 throwing nets (quivered)
Armour
 m - the +2 pair of gloves of Lugonu's Hatred (worn) {Str+8}
   (You found it in a Gauntlet)

   It affects your strength (+8).
 q - a +4 plate armour of fire resistance (worn)
   (You found it on level 2 of the Swamp)
 r - a +2 cloak (worn)
   (You found it on level 5 of the Dungeon)
 w - the +2 shield of Resistance (worn) {rF++ rC++ Will++}
   (You took it off Asterion on level 2 of the Spider Nest)

   It greatly protects you from fire.
   It greatly protects you from cold.
   It greatly increases your willpower.
 J - a +1 hat of willpower (worn)
   (You took it off Gastronok on level 2 of the Lair of Beasts)
Jewellery
 b - the ring of the Hare {EV+8}
   (You took it off a centaur warrior on level 13 of the Dungeon)

   [ring of evasion]

   It affects your evasion (+8).
 j - the ring "Luteagam" (left hand) {rN+ AC+4 Str+2 Int+4}
   (You found it in a Gauntlet)

   [ring of protection]

   It affects your AC (+4).
   It affects your strength (+2).
   It affects your intelligence (+4).
   It protects you from negative energy.
 p - a ring of protection from fire
   (You found it on level 1 of the Swamp)
 s - an amulet of guardian spirit (around neck)
   (You found it in a Gauntlet)
 F - a +4 ring of evasion
   (You found it on level 4 of the Swamp)
 H - the ring "Ixexuurr" (right hand) {rPois rC++ Stlth-}
   (You acquired it on level 3 of the Lair of Beasts)

   [ring of poison resistance]

   It greatly protects you from cold.
   It protects you from poison.
   It makes you less stealthy.
 M - an amulet of regeneration
   (You found it on level 8 of the Dungeon)
Wands
 d - a wand of iceblast (35)
   (You found it in a Gauntlet)
 t - a wand of flame (88)
   (You took it off Edmund on level 5 of the Dungeon)
 u - a wand of paralysis (25)
   (You found it on level 3 of the Dungeon)
 v - a wand of digging (17)
   (You took it off Robin on level 2 of the Dungeon)
 x - a wand of acid (6)
   (You found it on level 2 of the Lair of Beasts)
 z - a wand of mindburst (16)
   (You took it off Joseph on level 9 of the Dungeon)
 N - a wand of charming (14)
   (You found it on level 9 of the Dungeon)
 O - a wand of polymorph (7)
   (You found it on level 9 of the Dungeon)
Scrolls
 e - 4 scrolls of vulnerability
 h - 8 scrolls of identify
 l - 7 scrolls of enchant armour
 o - 2 scrolls of enchant weapon
 y - 4 scrolls of fear
 B - 2 scrolls of immolation
 D - 13 scrolls of teleportation
 G - 2 scrolls of magic mapping
 K - 4 scrolls of blinking
 P - 2 scrolls of silence
 T - 3 scrolls of fog
 X - a scroll of holy word
Potions
 f - 3 potions of magic
 g - 7 potions of might
 i - 7 potions of curing
 k - 5 potions of heal wounds
 n - 2 potions of cancellation
 A - 3 potions of lignification
 C - 6 potions of resistance
 L - 2 potions of haste
Miscellaneous
 Q - a condenser vane
   (You found it on level 6 of the Lair of Beasts)


   Skills:
 * Level 18.0 Fighting
 + Level 19.2 Axes
 - Level 4.5 Staves
 * Level 14.4 Armour
 * Level 15.5 Dodging
 - Level 15.0 Shields
 - Level 8.0 Invocations


You had 19 spell levels left.
You didn't know any spells.
Your spell library contained the following spells:

 Spells                   Type           Power      Damage    Failure   Level
 Animate Skeleton         Necr           0%         N/A       78%         1
 Beastly Appendage        Tmut           0%         N/A       78%         1
 Foxfire                  Conj/Fire      0%         2x1d4     78%         1
 Pain                     Necr           0%         1d4       78%         1
 Sting                    Tmut/Pois      0%         1d3       78%         1
 Passwall                 Tmut/Erth      0%         N/A       89%         2
 Slow                     Hex            0%         N/A       89%         2
 Wereblood                Tmut           0%         N/A       89%         2
 Confusing Touch          Hex            0%         N/A       98%         3
 Dazzling Flash           Conj/Hex       0%         N/A       98%         3
 Gell's Gravitas          Tloc           0%         N/A       98%         3
 Ignite Poison            Fire/Tmut/Pois 0%         N/A       98%         3
 Mephitic Cloud           Conj/Pois/Air  0%         N/A       98%         3
 Spider Form              Tmut/Pois      0%         N/A       98%         3
 Stone Arrow              Conj/Erth      0%         3d7       98%         3
 Vampiric Draining        Necr           0%         2d6       98%         3
 Animate Armour           Summ/Erth      0%         N/A       100%        4
 Animate Dead             Necr           0%         N/A       100%        4
 Cause Fear               Hex            0%         N/A       100%        4
 Ice Form                 Ice/Tmut       0%         N/A       100%        4
 Leda's Liquefaction      Hex/Erth       0%         N/A       100%        4
 Petrify                  Tmut/Erth      0%         N/A       100%        4
 Summon Lightning Spire   Summ/Air       0%         N/A       100%        4
 Agony                    Necr           0%         N/A       100%        5
 Bolt of Magma            Conj/Fire/Erth 0%         4d4       100%        5
 Borgnjor's Vile Clutch   Necr/Erth      0%         N/A       100%        5
 Hydra Form               Tmut           0%         N/A       100%        5
 Metabolic Englaciation   Hex/Ice        0%         N/A       100%        5
 Silence                  Hex/Air        0%         N/A       100%        5
 Yara's Violent Unravell  Hex/Tmut       0%         3d3       100%        5
 Conjure Ball Lightning   Conj/Air       0%         3x3d6     100%        6
 Iron Shot                Conj/Erth      0%         9d1       100%        6
 Statue Form              Tmut/Erth      0%         N/A       100%        6
 Ignition                 Fire           0%         3d3       100%        8
 Shatter                  Erth           0%         3d5*      100%        9
 Tornado                  Air            0%         N/A       100%        9


Dungeon Overview and Level Annotations

Branches:
Dungeon (15/15)            Temple (1/1) D:4            Lair (6/6) D:11
  Swamp (4/4) Lair:2       Spider (4/4) Lair:2        Slime (0/5) Lair:6
    Orc (2/2) D:12            Elf (1/3) Orc:2        Vaults (1/5) D:13
 Depths (0/5) D:15        Volcano (visited)          WizLab (1/1)
Gauntlet (visited)

Altars:
Ashenzari
Cheibriados
Dithmenos
Elyvilon
Fedhas
Gozag
Hepliaklqana
Kikubaaqudgha
Makhleb
Nemelex Xobeh
Okawaru
Qazlal
Ru
Sif Muna
Trog
Uskayaw
Vehumet
Wu Jian
Xom
Yredelemnul
Zin
The Shining One
Beogh
Jiyva

Shops:
D:7 (   D:14 !   Orc:1 (   Orc:2 [[*=

Annotations:
D:10 3 runed translucent doors, abbott299's ghost, novice MiBe
D:13 3 runed translucent doors, p0werm0de's ghost, journeyman GrFi
Lair:6 exclusion: 4 oklob plants
Spider:3 2 transporters, Ceirchi's ghost, adept DrCj


Innate Abilities, Weirdness & Mutations

Your life essence is reduced to manifest your ancestor. (-10% HP)
You have a beak for a mouth.
You have claws for feet.
Your magical nature lets you fly swiftly and evasively.
Armour fits poorly on your strangely shaped body.
You are covered in fur. (AC +1)
Potions are less effective at restoring your health.


Message History

You slash the large abomination!
You destroy the large abomination!
The green very ugly thing pecks Agathoclea.
You hit Cigotuvi's Monster.
Lightning courses through Cigotuvi's Monster!
You claw Cigotuvi's Monster, but do no damage.
Agathoclea hits the green very ugly thing with a +0 lajatang of freezing.
Agathoclea freezes the green very ugly thing.
Cigotuvi's Monster hits you!
Cigotuvi's Monster tramples you but does no damage.
You block Cigotuvi's Monster's attack.
* * * LOW HITPOINT WARNING * * *
Cigotuvi's Monster constricts you!!
The green very ugly thing pecks Agathoclea but does no damage.
You hit Cigotuvi's Monster but do no damage.
Lightning courses through Cigotuvi's Monster!
You claw Cigotuvi's Monster!
You peck Cigotuvi's Monster, but do no damage.
Agathoclea casts a spell.
Agathoclea seems to speed up.
You block Cigotuvi's Monster's attack. Cigotuvi's Monster tramples you!
* * * LOW HITPOINT WARNING * * *
You are held in place!
Cigotuvi's Monster stings you.
* * * LOW HITPOINT WARNING * * *
* * * LOW HITPOINT WARNING * * *
Cigotuvi's Monster constricts you!!
The green very ugly thing barely misses Agathoclea.
Your system partially rejects the healing.
You feel much better.
Agathoclea gestures at the green very ugly thing while chanting.
The stone arrow hits the green very ugly thing!
Cigotuvi's Monster hits you.
* * * LOW HITPOINT WARNING * * *
Cigotuvi's Monster barely misses you. Cigotuvi's Monster stings you!
* * * LOW HITPOINT WARNING * * *
* * * LOW HITPOINT WARNING * * *
Cigotuvi's Monster constricts you!
The green very ugly thing pecks Agathoclea!
Aim: Cigotuvi's Monster (severely wounded, constricting you, 90% to hit)
The bolt of acid hits Cigotuvi's Monster!
Cigotuvi's Monster is splashed with acid!
Agathoclea hits the green very ugly thing with a +0 lajatang of freezing!
Agathoclea freezes the green very ugly thing.
Agathoclea hits the green very ugly thing with a +0 lajatang of freezing!
Agathoclea freezes the green very ugly thing!
Cigotuvi's Monster hits you.
* * * LOW HITPOINT WARNING * * *
You block Cigotuvi's Monster's attack.
Cigotuvi's Monster stings you but does no damage.
You die...

#### ### ###
##.:.####.###
#### #∩#
#.....#.....#
#...###'#
#....u......#
....o#...
#.....R....#
....u#...
#....H@....#
....e#...
#..........#
######...
#.....###'##
#.§####'#
##::.# #..#
§§§§##...
#### #..#
§§§uu#...
##..#
§.§uu#...
##...#
§§..##...
+...##
#§.####'#
#...#
####.#...


You could see the friendly Agathoclea the battlemage (fast), a green very ugly
thing (ally target) and Cigotuvi's Monster.

Vanquished Creatures
  Bai Suzhen (Spider:3)
  Nikola (Swamp:4)
  Jorgrun (Swamp:2)
  A tentacled monstrosity (Swamp:4)
  Asterion (Spider:2)
  Gastronok (Lair:2)
  Frances (Swamp:2)
  7 fenstrider witches
  An orc warlord (Orc:2)
  4 ghost moths (Spider:4)
  Louise (Spider:2)
  2 emperor scorpions (Spider:4)
  4 ghouls
  Azrael (Spider:2)
  2 entropy weavers
  A minotaur (Gauntlet)
  2 spark wasps (Spider:4)
  2 dire elephants (Lair:6)
  2 bunyips
  3 eleionomae
  A blizzard demon (Swamp:4)
  A green death (Swamp:4)
  A fire dragon (D:13)
  Josephine (D:11)
  8 hydras
  4 ogre magi
  4 boulder beetles
  A ghost crab (Swamp:3)
  2 spriggan air magi (Swamp:4)
  6 centaur warriors
  A catoblepas (Gauntlet)
  19 two-headed ogres
  11 death yaks
  8 alligators
  2 dancing weapons (Elf:1)
  5 spriggans
  2 orc high priests (Orc:2)
  2 deep elf knights (Elf:1)
  A sixfirhy (Swamp:4)
  An iron golem (WizLab)
  A fire crab (Volcano)
  2 soul eaters (Swamp:4)
  A skeletal warrior (D:13)
  3 spriggan druids
  2 spectral death yaks (Lair:6)
  3 goliath frogs
  A spectral anaconda (Lair:6)
  A death drake (Swamp:4)
  A lindwurm (Volcano)
  3 swamp dragons
  8 bog bodies
  2 deep elf zephyrmancers
  A wolf spider zombie (D:15)
  A deep elf archer (Elf:1)
  5 orc knights
  3 wizards
  9 deep elf pyromancers
  12 wolf spiders
  An orb spider (shapeshifter) (D:13)
  10 ugly things
  4 necromancers
  5 orc sorcerers
  2 manticores
  12 orb spiders
  7 cyclopes
  A will-o-the-wisp (Swamp:2)
  2 moths of wrath
  An elephant (shapeshifter) (D:13)
  5 black mambas
  23 elephants
  A black mamba (shapeshifter) (D:13)
  A molten gargoyle (Gauntlet)
  A naga mage (D:15)
  3 orange demons (Swamp:4)
  2 dire elephant skeletons (Lair:6)
  3 torpor snails
  4 large abominations (WizLab)
  Maggie (Lair:2)
  8 cane toads
  Joseph (D:9)
  A kobold demonologist (D:13)
  6 komodo dragons
  2 ice devils (Lair:6)
  4 demonic crawlers
  2 hellwings (Swamp:4)
  A tengu conjurer (D:15)
  A meliai (shapeshifter) (WizLab)
  2 polar bears
  6 tyrant leeches
  6 trolls
  30 jumping spiders
  8 meliai
  11 hornets
  2 slime creatures
  A spectral elephant (Lair:6)
  12 blink frogs
  5 dream sheep (Lair:2)
  79 redbacks
  4 flying skulls (Gauntlet)
  A vampire (D:13)
  3 shadows (Gauntlet)
  11 tarantellas
  50 yaks
  6 wraiths
  A fire elemental (Spider:2)
  A basilisk (shapeshifter) (WizLab)
  2 fire bats (D:10)
  A wyvern (D:11)
  2 steam dragons (Volcano)
  5 basilisks
  12 vampire mosquitoes
  2 spectral cane toads (Lair:6)
  2 acid dragons
  8 water moccasins
  7 hell hounds
  11 swamp worms
  15 orc warriors
  A swamp drake (Swamp:3)
  5 small abominations (WizLab)
  4 necrophages
  A black bear (D:5)
  An ice beast (D:4)
  15 wolves
  4 boggarts
  14 centaurs
  An elephant skeleton (Lair:6)
  25 ogres
  5 kobold brigands
  4 bullfrogs
  A gnoll sergeant (D:6)
  4 scorpions
  5 cane toad simulacra (Lair:6)
  A wyvern skeleton (D:7)
  A water moccasin skeleton (D:5)
  6 wights (D:9)
  A killer bee (D:8)
  2 electric eels
  4 centaur zombies
  A lava snake (D:10)
  4 hounds
  13 orc priests
  2 iguanas
  23 orc wizards
  A mummy (D:13)
  A howler monkey zombie (D:6)
  Robin (D:2)
  6 gnolls
  6 adders
  2 shadow imps
  A white imp (D:8)
  An adder skeleton (D:4)
  A worm (D:6)
  2 dart slugs (D:2)
  58 orcs
  5 ball pythons
  9 endoplasms
  2 giant cockroaches
  10 hobgoblins
  8 jackals
  21 kobolds
  3 quokkas
  A bat (D:3)
  3 frilled lizards
  18 goblins
  3 rats
  2 butterflies (Lair:1)
913 creatures vanquished.

Vanquished Creatures (collateral kills)
  Mara (Spider:3)
  Arachne (Spider:2)
  2 fenstrider witches (Swamp:4)
  2 thorn hunters
  3 emperor scorpions
  2 ghost moths (Spider:3)
  Aizul (Swamp:2)
  An entropy weaver (Spider:1)
  3 hydras
  3 boulder beetles
  2 ogre magi
  2 centaur warriors
  A spectral dire elephant (Lair:6)
  An alligator (Swamp:2)
  3 death yaks (Lair:6)
  A soul eater (Swamp:4)
  A spriggan berserker (Swamp:4)
  An orc high priest (Orc:2)
  A spriggan (Swamp:3)
  Nergalle (D:11)
  2 deep elf knights (Elf:1)
  2 goliath frogs (Swamp:4)
  An obsidian statue (Lair:6)
  2 swamp dragons
  A deep elf archer (Elf:1)
  A necromancer (Lair:6)
  4 orb spiders
  3 orc sorcerers
  2 wolf spiders
  A deep elf pyromancer (D:12)
  A manticore (D:14)
  An elephant (Lair:6)
  A dire elephant zombie (Lair:6)
  A naga mage (D:15)
  2 cane toads
  A gargoyle (Gauntlet)
  2 unseen horrors (D:12)
  A kobold demonologist (D:13)
  A harpy zombie (D:15)
  2 demonic crawlers
  A meliai (Spider:2)
  3 tyrant leeches
  A bloated husk (Swamp:1)
  6 hornets
  8 jumping spiders
  A spectral elephant (Lair:6)
  A dream sheep (Lair:2)
  7 blink frogs (Lair:5)
  7 flying skulls (Gauntlet)
  2 centaur simulacra (D:15)
  2 wyverns
  16 redbacks
  A shadow (D:10)
  A yak (shapeshifter) (WizLab)
  14 yaks
  3 wraiths (D:11)
  5 tarantellas
  2 basilisks
  2 fire bats (D:10)
  2 large abominations (WizLab)
  A fire elemental (Spider:2)
  6 vampire mosquitoes
  Edmund (D:5)
  2 spectral cane toads (Lair:6)
  A warg (Orc:2)
  2 hell hounds (Spider:2)
  4 water moccasins
  6 orc warriors (Orc:2)
  A swamp drake (Swamp:2)
  2 wolves (Lair:2)
  6 centaurs
  A phantom (D:5)
  2 kobold brigands
  A gnoll sergeant (D:8)
  2 bullfrogs
  A small abomination (WizLab)
  A cane toad simulacrum (Lair:6)
  4 killer bees (D:8)
  An electric eel (Spider:4)
  A lava snake (D:10)
  2 centaur zombies
  A jelly (D:7)
  3 orc priests (Orc:2)
  A hound (D:7)
  A centaur skeleton (D:5)
  5 orc wizards
  A killer bee zombie (D:6)
  A mummy (D:13)
  A howler monkey zombie (D:10)
  An adder (D:6)
  3 gnolls
  14 orcs
  A jackal (D:5)
  A quokka (D:5)
  7 kobolds
239 creatures vanquished.

Vanquished Creatures (others)
  A spriggan druid (Swamp:2)
  A deep elf pyromancer (Swamp:4)
  A jumping spider (Spider:4)
  A tarantella (Spider:4)
  A hell hound (Spider:2)
  An ancestor (D:6)
  25 battlemagi
  A bush (Lair:6)
  3 fire vortices (D:10)
  8 foxfires (Swamp:2)
  11 fungi
  35 plants
  23 withered plants (Lair:6)
112 creatures vanquished.

Grand Total: 1264 creatures vanquished

Notes
Turn   | Place    | Note
-------+----------+-------------------------------------------
     0 | D:1      | vurker the Tengu Fighter began the quest for the Orb.
     0 | D:1      | Reached XP level 1. HP: 14/14 MP: 2/2
   351 | D:1      | Reached XP level 2. HP: 11/19 MP: 3/3
   583 | D:1      | Reached skill level 3 in Axes
   596 | D:1      | Reached XP level 3. HP: 4/23 MP: 4/4
  1846 | D:2      | Reached XP level 4. HP: 28/28 MP: 5/5
  2008 | D:2      | Noticed Robin
  2066 | D:2      | Killed Robin
  2067 | D:2      | Reached skill level 4 in Axes
  2512 | D:3      | Gained mutation: Your magical nature lets you fly swiftly
                  | and evasively. [Tengu growth]
  2512 | D:3      | Reached XP level 5. HP: 27/33 MP: 6/6
  3402 | D:4      | Found a staircase to the Ecumenical Temple.
  3448 | Temple   | Entered the Ecumenical Temple
  3548 | Temple   | Became a worshipper of Hepliaklqana the Forgotten
  3713 | D:4      | Noticed a necrophage
  3721 | D:4      | Killed a necrophage
  3722 | D:4      | Reached skill level 5 in Axes
  3722 | D:4      | Reached XP level 6. HP: 33/34 MP: 7/7
  3813 | D:4      | Noticed an ice beast
  3834 | D:4      | Killed an ice beast
  3835 | D:4      | Reached skill level 1 in Invocations
  4389 | D:4      | Reached XP level 7. HP: 34/39 MP: 9/9
  4676 | D:5      | Entered Level 5 of the Dungeon
  4699 | D:5      | Reached skill level 6 in Axes
  4899 | D:5      | Found a stormy altar of Qazlal.
  5112 | D:5      | Reached skill level 5 in Fighting
  5112 | D:5      | Reached skill level 5 in Shields
  5112 | D:5      | Reached XP level 8. HP: 27/44 MP: 10/10
  5254 | D:5      | Reached skill level 7 in Axes
  5410 | D:5      | Noticed Edmund
  5419 | D:5      | Killed Edmund
  5648 | D:5      | Found a burning altar of Makhleb.
  6033 | D:6      | Found an ancient bone altar of Kikubaaqudgha.
  6055 | D:6      | Reached * piety under Hepliaklqana
  6851 | D:6      | Reached skill level 8 in Axes
  7099 | D:6      | Reached XP level 9. HP: 34/49 MP: 12/12
  7214 | D:6      | Found a glowing golden altar of the Shining One.
  7310 | D:6      | Found a glowing silver altar of Zin.
  7387 | D:6      | Found a snail-covered altar of Cheibriados.
  7734 | D:7      | Found a radiant altar of Vehumet.
  7933 | D:7      | Reached ** piety under Hepliaklqana
  7934 | D:7      | Remembered your ancestor Agathoclea as a battlemage
  8013 | D:7      | Found Qaliv's Weapon Boutique.
  8123 | D:7      | Reached skill level 9 in Axes
  8764 | D:8      | Reached skill level 5 in Invocations
  8765 | D:8      | Reached XP level 10. HP: 46/54 MP: 14/14
  8769 | D:8      | Reached skill level 10 in Axes
  8823 | D:8      | Found a shimmering altar of Xom.
  8824 | D:8      | Found a shimmering altar of Xom.
  9268 | D:8      | Found a hide-covered altar of Uskayaw.
  9358 | D:8      | Found a sparkling altar of Nemelex Xobeh.
  9526 | D:9      | Identified Xoicox's Handbook of Burning Stones
  9539 | D:9      | Noticed a two-headed ogre
  9546 | D:9      | Killed a two-headed ogre
  9730 | D:9      | Noticed Joseph
  9731 | D:9      | Reached *** piety under Hepliaklqana
  9741 | D:9      | Killed Joseph
  9919 | D:9      | Paralysed by a hornet for 3 turns
  9922 | D:9      | Noticed a two-headed ogre
  9925 | D:9      | Reached skill level 11 in Axes
  9949 | D:9      | Killed a two-headed ogre
 10049 | D:9      | Found a sacrificial altar of Ru.
 10153 | D:10     | Entered Level 10 of the Dungeon
 10247 | D:10     | Reached XP level 11. HP: 61/61 MP: 16/16
 10521 | D:10     | Found a runed translucent gate.
 10522 | D:10     | Found a runed translucent gate.
 10522 | D:10     | Found a runed translucent gate.
 10532 | D:10     | Noticed abbott299's ghost (novice MiBe)
 10543 | D:10     | Found a viscous altar of Jiyva.
 10787 | D:10     | Reached **** piety under Hepliaklqana
 10916 | D:11     | Reached skill level 12 in Axes
 10916 | D:11     | Noticed a cyclops
 10961 | D:11     | Killed a cyclops
 11058 | D:11     | Noticed a two-headed ogre
 11060 | D:11     | Noticed a two-headed ogre
 11062 | D:11     | Noticed Nergalle
 11093 | D:10     | Killed a two-headed ogre
 11159 | D:10     | Killed a two-headed ogre
 11223 | D:11     | Found a staircase to the Lair.
 11349 | D:11     | Noticed a two-headed ogre
 11357 | D:11     | Killed a two-headed ogre
 11399 | D:11     | Reached skill level 13 in Axes
 11455 | D:11     | Noticed Josephine
 11466 | D:11     | Reached XP level 12. HP: 68/68 MP: 18/18
 11472 | D:11     | Killed Josephine
 11494 | D:11     | HP: 1/68 [wraith[Josephine] (10)]
 11605 | D:11     | Killed Nergalle
 11806 | D:11     | Reached XP level 13. HP: 72/72 MP: 19/19
 11834 | D:12     | Found a broken altar of Ashenzari.
 11853 | D:12     | Reached skill level 5 in Dodging
 11867 | D:12     | Found a gate leading to a gauntlet.
 11867 | D:12     | Found a staircase to the Orcish Mines.
 11870 | Gauntlet | Entered a Gauntlet
 11870 | Gauntlet | Found a transporter.
 11870 | Gauntlet | Found a transporter.
 11930 | Gauntlet | Found a transporter.
 11939 | Gauntlet | Found a large runed translucent door.
 11940 | Gauntlet | Found a large runed translucent door.
 11941 | Gauntlet | Found a large runed translucent door.
 11941 | Gauntlet | Found a large runed translucent door.
 11941 | Gauntlet | Found a large runed translucent door.
 11941 | Gauntlet | Found a large runed translucent door.
 11941 | Gauntlet | Found a large runed translucent door.
 11941 | Gauntlet | Found a large runed translucent door.
 11942 | Gauntlet | Found a runed translucent door.
 11942 | Gauntlet | Found a runed translucent gate.
 11943 | Gauntlet | Found a transporter.
 11943 | Gauntlet | Found a runed translucent gate.
 11943 | Gauntlet | Found a transporter.
 11943 | Gauntlet | Found a transporter.
 11945 | Gauntlet | Found a transporter.
 11945 | Gauntlet | Found a transporter.
 11949 | Gauntlet | Noticed a green death
 11962 | Gauntlet | Found a transporter.
 11980 | Gauntlet | Found a runed translucent gate.
 11981 | Gauntlet | Found a transporter.
 11981 | Gauntlet | Found a runed translucent gate.
 11982 | Gauntlet | Found a runed translucent gate.
 11989 | Gauntlet | Found a runed translucent door.
 11991 | Gauntlet | Found a transporter.
 11993 | Gauntlet | Found a runed translucent door.
 12008 | Gauntlet | Found a transporter.
 12020 | Gauntlet | Found a large runed translucent door.
 12021 | Gauntlet | Found a large runed translucent door.
 12021 | Gauntlet | Found a large runed translucent door.
 12022 | Gauntlet | Found a large runed translucent door.
 12022 | Gauntlet | Found a large runed translucent door.
 12022 | Gauntlet | Found a large runed translucent door.
 12022 | Gauntlet | Found a large runed translucent door.
 12023 | Gauntlet | Found a large runed translucent door.
 12023 | Gauntlet | Found a runed translucent gate.
 12023 | Gauntlet | Found a runed translucent door.
 12028 | Gauntlet | Found a transporter.
 12046 | Gauntlet | Found a transporter.
 12108 | Gauntlet | Identified the ring "Luteagam" {rN+ AC+4 Str+2 Int+4}
 12163 | Gauntlet | Identified the +2 pair of gloves of Lugonu's Hatred {Str+8}
 12332 | Gauntlet | Noticed a minotaur
 12345 | Gauntlet | Killed a minotaur
 12389 | Gauntlet | Identified Osofoiv's Disquisition on the Arsonist and
                  | Stones
 12389 | Gauntlet | Identified Sif Muna's Papyrus of Enchantment
 12541 | D:12     | Reached skill level 14 in Axes
 12774 | D:12     | Reached skill level 10 in Shields
 12928 | D:12     | Reached skill level 10 in Fighting
 13266 | Lair:1   | Entered Level 1 of the Lair of Beasts
 13355 | Lair:1   | You are sucked into a shaft and drop 1 floor!
 13357 | Lair:2   | Noticed Maggie
 13365 | Lair:2   | Killed Maggie
 13433 | Lair:2   | Reached ***** piety under Hepliaklqana
 13704 | Lair:2   | Found a staircase to the Swamp.
 13712 | Lair:2   | Reached XP level 14. HP: 64/79 MP: 21/21
 13806 | Lair:2   | Noticed Gastronok
 13884 | Lair:2   | Killed Gastronok
 13930 | Lair:1   | Reached skill level 15 in Axes
 14764 | Lair:2   | Found a hole to the Spider Nest.
 15124 | Lair:3   | Reached skill level 10 in Armour
 15385 | Lair:3   | Found the +8 frozen axe "Frostbite" {freezing cloud, *Noise
                  | Fly rC+}
 15798 | Lair:3   | Identified a scroll of acquirement
 15799 | Lair:3   | Acquired the ring "Ixexuurr" {rPois rC++ Stlth-}
 16673 | Lair:4   | Reached ****** piety under Hepliaklqana
 17152 | Lair:5   | Reached skill level 16 in Axes
 17533 | Lair:5   | Found a hazy altar of Hepliaklqana.
 17914 | Lair:6   | Entered Level 6 of the Lair of Beasts
 18119 | Lair:6   | Reached XP level 15. HP: 84/85 MP: 20/22
 18131 | Lair:6   | Found a dark tunnel.
 18148 | Volcano  | Entered a volcano
 18574 | Lair:6   | Found a frozen archway.
 18826 | Lair:6   | Reached skill level 17 in Axes
 19190 | Lair:6   | Identified the +3 arbalest "Ishroc" {penet, *Corrode Dex-3
                  | SInv Stlth+}
 19992 | Lair:6   | Found a staircase to the Slime Pits.
 20486 | Orc:1    | Entered Level 1 of the Orcish Mines
 20629 | Orc:2    | Entered Level 2 of the Orcish Mines
 20667 | Orc:2    | Found a staircase to the Elven Halls.
 20705 | Orc:2    | Reached skill level 18 in Axes
 20711 | Orc:2    | Noticed an orc warlord
 20725 | Orc:2    | Killed an orc warlord
 20726 | Orc:2    | Reached XP level 16. HP: 35/92 MP: 4/23
 21268 | Orc:1    | Found Waole's Weapon Shoppe.
 22636 | Orc:2    | Found Hyaxzire's Jewellery Shop.
 22636 | Orc:2    | Found Pyitalith's Armour Emporium.
 22683 | Orc:2    | Found Xusim's Assorted Antiques.
 22683 | Orc:2    | Found Abyrul's Armour Emporium.
 24103 | D:13     | Found a runed translucent gate.
 24104 | D:13     | Found a runed translucent gate.
 24104 | D:13     | Found a runed translucent gate.
 24563 | D:13     | Noticed p0werm0de's ghost (journeyman GrFi)
 24691 | D:13     | Identified the +6 glaive "Montishru" {spect, Int+3}
 24952 | D:13     | Found a gate to the Vaults.
 25389 | D:14     | Reached XP level 17. HP: 85/100 MP: 19/24
 25871 | D:14     | Found an iron altar of Okawaru.
 25966 | D:14     | Identified the +1 morningstar "Zaigi" {freeze, rF+ Str+3}
 25995 | D:14     | Found Vaymat's Distillery.
 26128 | D:14     | Bought a potion of heal wounds for 75 gold pieces
 26128 | D:14     | Bought a potion of heal wounds for 75 gold pieces
 26128 | D:14     | Bought a potion of heal wounds for 75 gold pieces
 26128 | D:14     | Bought a potion of heal wounds for 75 gold pieces
 26128 | D:14     | Acquired a manual of Dodging
 26495 | D:15     | Entered Level 15 of the Dungeon
 26532 | D:15     | Reached skill level 15 in Fighting
 26532 | D:15     | Reached skill level 15 in Shields
 27810 | D:15     | Found a staircase to the Depths.
 27915 | D:15     | Found a hazy altar of Hepliaklqana.
 28098 | Orc:1    | Bought a +2 vampiric lajatang for 684 gold pieces
 28320 | Spider:1 | Entered Level 1 of the Spider Nest
 28453 | Spider:1 | Reached skill level 1 in Staves
 29360 | Spider:2 | Noticed Arachne
 29370 | Spider:2 | HP: 5/102 [Arachne/staff of poison (4)]
 29664 | Spider:2 | Killed Arachne
 30262 | Spider:2 | Noticed Asterion
 30277 | Spider:2 | Killed Asterion
 30635 | Spider:2 | Noticed Azrael
 30642 | Spider:2 | Killed Azrael
 30643 | Spider:2 | Reached skill level 10 in Dodging
 30852 | Spider:3 | Noticed Bai Suzhen
 30863 | Spider:3 | Killed Bai Suzhen
 30864 | Spider:3 | Reached XP level 18. HP: 59/108 MP: 12/25
 30875 | Spider:3 | Noticed Louise
 31068 | Spider:2 | Killed Louise
 31812 | Spider:3 | Noticed Mara
 31855 | Spider:3 | Killed Mara
 32395 | Spider:3 | Found a transporter.
 32399 | Spider:3 | Noticed Ceirchi's ghost (adept DrCj)
 32434 | Spider:3 | Found a transporter.
 32676 | Spider:4 | Entered Level 4 of the Spider Nest
 34188 | Spider:4 | Got a gossamer rune of Zot
 34350 | Swamp:1  | Entered Level 1 of the Swamp
 34373 | Swamp:1  | Reached XP level 19. HP: 100/114 MP: 23/26
 35118 | Swamp:2  | Noticed Jorgrun
 35127 | Swamp:2  | Killed Jorgrun
 35357 | Swamp:2  | Noticed Aizul
 35366 | Swamp:2  | Killed Aizul
 35492 | Swamp:2  | Noticed Frances
 35503 | Swamp:2  | Killed Frances
 36037 | Swamp:3  | Identified the Handbook of Earthen Poisoning
 36515 | Swamp:4  | Entered Level 4 of the Swamp
 36515 | Swamp:4  | Noticed a tentacled monstrosity
 36525 | Swamp:4  | Killed a tentacled monstrosity
 36702 | Swamp:4  | Reached skill level 19 in Axes
 36843 | Swamp:4  | Reached skill level 15 in Dodging
 37351 | Swamp:4  | Reached XP level 20. HP: 120/122 MP: 25/27
 37380 | Swamp:4  | Got a decaying rune of Zot
 37512 | Swamp:4  | Noticed Nikola
 37523 | Swamp:4  | Killed Nikola
 38231 | Vaults:1 | Entered Level 1 of the Vaults
 38314 | Elf:1    | Entered Level 1 of the Elven Halls
 38389 | Elf:1    | Found a radiant altar of Vehumet.
 38445 | Elf:1    | Found a magical portal.
 38450 | WizLab   | Entered Cigotuvi's Fleshworks
 38568 | WizLab   | Gained mutation: Potions are less effective at restoring
                  | your health. [mutagenic glow]
 38586 | WizLab   | Gained mutation: You are covered in fur. (AC +1) [mutagenic
                  | glow]
 38594 | WizLab   | Gained mutation: Armour fits poorly on your strangely
                  | shaped body. [mutagenic glow]
 38697 | WizLab   | Mangled by Cigotuvi's Monster

Illustrated notes

Levels and vault maps discovered:
D:1:      dpeg_arrival_three_bigger_balls, layout_basic
D:2:      layout_rooms, uniq_robin
D:3:      layout_basic, chequers_serial_rivers_micro_d, minmay_curled_crystal,
          nrook_loot_triangle
D:4:      layout_loops_cross, minmay_temple_entry_statues_pillars
D:5:      layout_rooms, old_standard_altar, grunt_qazlal_sundering,
          lemuel_flame_loot_1, uniq_edmund
D:6:      layout_rooms, amcnicky_altar_gilded, lemuel_round_altar,
          cheibrodos_worm_habitat, kennysheep_little_box, lemuel_flamethrower_2
D:7:      layout_loops_cross, vehumet_crystals, serial_shops, shop_fountains
D:8:      layout_basic, xom_redecorated, general_overflow_altar,
          lemuel_crystal_altar, minmay_misc_feat_rugged
D:9:      layout_rooms, nicolae_ru_sacrificial_ziggurat,
          statue_in_the_mist_lemuel, hex_tiny, grunt_ministairs_11, uniq_joseph
D:10:     layout_roguey, serial_glass, glass_columns_a, glass_columns_c,
          glass_columns_c, glass_columns_a, glass_columns_c, glass_columns_a,
          glass_columns_b, glass_columns_b, glass_columns_a, glass_columns_a,
          minmay_strange_pillars, item_on_display_b, item_on_display_a,
          feat_on_display, gammafunk_ghost_endoplasm, hangedman_incinerator
D:11:     layout_gridville, david_lair_generic, uniq_nergalle, uniq_josephine
D:12:     layout_roguey, orc_0_dummy, gauntlet_entry_generic, drop_trap,
          eino_tiny_chamber, evilmike_ruin_ashenzari
D:13:     minmay_the_grid_octo_tiled_octocenter_mashed
          [minmay_the_grid_octo_thin_diamonds, minmay_the_grid_octo_horde,
          minmay_the_grid_octo_chip, minmay_the_grid_octo_teeth,
          minmay_the_grid_octo_prize_big_c, minmay_the_grid_square_5x5_slash,
          minmay_the_grid_square_5x5_one_wall,
          minmay_the_grid_square_5x5_pentomino_r,
          minmay_the_grid_square_5x5_checkered_sparse], layout_irregular_city,
          david_vaults_2, gammafunk_ghost_spectres, serial_undead,
          serial_undead_d, serial_undead_e, serial_undead_c, serial_undead_c
D:14:     layout_roguey, okawaru_trees_2, serial_shops, shop
D:15:     grunt_enter_depths_magical_seal, layout_loops_corners,
          hangedman_abyss_or_decor_lesser_grid, nicolae_hepliaklqana_hippocampus
Temple:   jpeg_temple_clearing
Lair:1:   layout_small_grid, grunt_megastairs_5, serial_bayou_shore_a,
          lemuel_fruit_tree, lemuel_fruit_fields, serial_bayou_shore_b
Lair:2:   layout_gridlike, minmay_swamp_entry_worms,
          nicolae_spider_entry_orb_guardian, grunt_megastairs_2,
          infiniplex_staircase_pool, uniq_maggie, uniq_gastronok
Lair:3:   layout_regular_city, st_stairs_3, lemuel_fruit_fields,
          grunt_megastairs_4
Lair:4:   layout_hall_layers, infiniplex_staircase_pool_2
Lair:5:   layout_hall_layers, lemuel_centaur_altar
Lair:6:   due_jungle_book, layout_gridlike, minmay_slime_entry_oklob_open,
          nicolae_volcano_entry_hallway, portal_ice_cave_demonic_guard
Swamp:1:  layout_falls_marsh, evilmike_swamp_ruin_rubble_1,
          nicolae_swamp_stuck_in_the_mud
Swamp:2:  layout_falls_marsh, nicolae_swamp_dense_foliage, uniq_jorgrun,
          uniq_aizul, uniq_frances
Swamp:3:  layout_basic_swamp, evilmike_swamp_ruin_rubble_2
Swamp:4:  nzn_swamp_witches_coven, layout_basic_swamp, uniq_nikola
Spider:1: layout_spider_delve
Spider:2: layout_spider_delve, uniq_asterion, uniq_arachne, uniq_azrael
Spider:3: layout_spider_delve, gammafunk_ghost_berserking_beasts,
          nicolae_spider_baby_got_redback, uniq_louise, uniq_bai_suzhen,
          uniq_mara
Spider:4: spider_rune_water
Orc:1:    lemuel_ogre_cave, layout_caves, serial_shops, nicolae_shop_crystal,
          mines4_lemuel
Orc:2:    grunt_orc_tribal_feast, layout_caves, basic_altar
Elf:1:    layout_loops_cross, mu_enter_wizlab_2, basic_altar, minivault_28,
          grunt_ministairs_4, lemuel_upstairs_altar
Vaults:1: nicolae_vaults_disjoint_gnomons, vaults_mumra_chevron,
          hangedman_vaults_corner_blocks, v_rooms_2, v_misc_18,
          vaults_standard_mumra_lines, vaults_room_fancy_cross, v_misc_2,
          ontoclasm_vaults_ring_square, nicolae_vaults_little_ls,
          layout_vaults_omnicross, serial_shops, nicolae_shop_crystal
WizLab:   wizlab_cigotuvi

Skill      XL: |  1  2  3  4  5  6  7  8  9 10 11 12 13 14 15 16 17 18 19 20 |
---------------+-------------------------------------------------------------+-----
Axes           | 3 4 5 6 8 9 11 13 14 16 18 19 | 19.2
Fighting       | 4 5 6 8 9 10 11 12 14 16 17 18 | 18.0
Shields        | 4 5 6 8 9 10 11 12 14 15 | 15.0
Invocations    | 1 2 3 5 6 7 8 |  8.0
Armour         | 8 9 10 12 14 | 14.4
Dodging        | 4 5 10 13 15 | 15.5
Staves         | 4 |  4.5

Action                   |  1- 3 |  4- 6 |  7- 9 | 10-12 | 13-15 | 16-18 | 19-21 || total
-------------------------+-------+-------+-------+-------+-------+-------+-------++-------
Melee: War axe           |    68 |   105 |    93 |    75 |   131 |       |       ||   472
       Kick              |    12 |    35 |    57 |    94 |   318 |   400 |   163 ||  1079
       Peck              |     7 |    17 |    36 |    44 |   181 |   269 |    90 ||   644
       Spear             |       |       |   108 |   242 |    41 |       |       ||   391
       Broad axe         |       |       |       |       |   529 |   922 |   391 ||  1842
Invok: Recall Ancestor   |       |     1 |     5 |     3 |     7 |     5 |     2 ||    23
       Ancestor Life: Ba |       |       |     1 |       |       |       |       ||     1
       Idealise          |       |       |       |       |     1 |     2 |       ||     3
Evoke: Wand              |       |     1 |     1 |       |       |     6 |     1 ||     9
       Condenser vane    |       |       |       |       |       |     2 |       ||     2
  Use: Potion            |       |       |     1 |     7 |     5 |     4 |     4 ||    21
       Scroll            |       |       |       |    15 |    16 |    11 |     2 ||    44
 Stab: Paralysed         |       |     1 |     1 |       |       |       |       ||     2
       Distracted        |       |       |     1 |     6 |     9 |    11 |     8 ||    35
       Confused          |       |       |       |       |       |     1 |       ||     1
       Held in net/web   |       |       |       |       |       |     1 |       ||     1
Armor: Scale mail        |    26 |    50 |    67 |    22 |    79 |   183 |       ||   427
       Plate armour      |       |       |       |   118 |   171 |   123 |   126 ||   538
       Swamp dragon scal |       |       |       |       |    52 |       |       ||    52
Dodge: Dodged            |    24 |    39 |    65 |    63 |   274 |   377 |   132 ||   974
Block: Kite shield       |    26 |    48 |   100 |   160 |   423 |   631 |   243 ||  1631

Table legend: (Time is in decaauts)
 A = Elapsed time spent in this place.
 B = Non-inter-level travel time spent in this place.
 C = Inter-level travel time spent in this place.
 D = Time resting spent in this place.
 E = Time spent auto-exploring this place.
 F = Levels seen in this place.
 G = Mean time per level.
                   A        B        C        D        E       F      G
               +--------+--------+--------+--------+--------+-----+--------+
         Total |  36489 |  34375 |   2114 |   3262 |  25261 |  37 |  986.2 |
       Dungeon |  17072 |  16218 |    854 |   1210 |  12411 |  15 | 1138.1 |
        Temple |    103 |     70 |     33 |      0 |     67 |   1 |  103.0 |
          Lair |   6686 |   6176 |    510 |    456 |   4692 |   6 | 1114.3 |
         Swamp |   3226 |   3063 |    163 |      0 |   2525 |   4 |  806.5 |
   Spider Nest |   5624 |   5478 |    146 |   1464 |   3197 |   4 | 1406.0 |
  Orcish Mines |   2438 |   2089 |    349 |      0 |   1730 |   2 | 1219.0 |
   Elven Halls |    114 |     60 |     54 |      0 |      0 |   1 |  114.0 |
        Vaults |      6 |      3 |      3 |      0 |      1 |   1 |    6.0 |
       Volcano |    364 |    364 |      0 |      0 |    299 |   1 |  364.0 |
        Wizlab |    221 |    221 |      0 |      0 |     67 |   1 |  221.0 |
      Gauntlet |    632 |    632 |      0 |    132 |    268 |   1 |  632.0 |
               +--------+--------+--------+--------+--------+-----+--------+

Top non-repeatable levels by time:
    D:13: 2313 daAuts
Spider:2: 1880 daAuts
  Lair:6: 1754 daAuts
     D:5: 1604 daAuts
Spider:4: 1459 daAuts
   Orc:2: 1451 daAuts
     D:4: 1404 daAuts
 Swamp:4: 1402 daAuts
     D:1: 1381 daAuts
    D:15: 1348 daAuts
Spider:1: 1185 daAuts
  Lair:2: 1165 daAuts
     D:2: 1116 daAuts
     D:8: 1100 daAuts
Spider:3: 1098 daAuts
